[Event "Early Titled Tuesday Blitz | February 8 2022"]
[White "Prieto Aranguren, Alain"]
[Black "Azadaliyev, Jahandar"]
[WhiteFideId "2268906"]
[BlackFideId "13425811"]
[WhiteElo "2235"]
[BlackElo "1795"]
[Result "1-0"]
[Round "03"]
[TimeControl "180+1"]
[Date "2022.02.08"]
[WhiteClock "0:00:05"]
[BlackClock "0:00:49"]

1. e4 c6 2. b4 d5 3. e5 Bf5 4. g4 Bd7 5. Ne2 e6 6. c3 Nh6 7. Ng3 Be7 8. d4 a5 9. Bd2 axb4 10. cxb4 Qb6 11. Bc3 Bxb4 12. Be2 c5 13. dxc5 Bxc5 14. O-O Nc6 15. Nd2 O-O 16. Nb3 Bb4 17. Bxb4 Nxb4 18. g5 Nf5 19. Nxf5 exf5 20. Qd2 Be6 21. Rfc1 Nc6 22. Rab1 Qa7 23. Nc5 Qxa2 24. Rb2 Qa3 25. Rc3 Qa5 26. Nxb7 Qa4 27. Nc5 Qh4 28. Nxe6 fxe6 29. Rxc6 Ra1+ 30. Rc1 Rxc1+ 31. Qxc1 f4 32. Qc7 Qxg5+ 33. Kh1 h5 34. f3 h4 35. Bd3 Qh5 36. Rg2 Qh6 37. Qd7 Ra8 38. Bf1 Ra1 39. Qe8+ Kh7 40. Rg1 h3 41. Bd3+ g6 42. Rxa1 Qg5 43. Ra7+ Kh6 44. Qh8# 1-0


[Site "https://www.chess.com"]

[Event "Early Titled Tuesday Blitz | February 8 2022"]
[White "Rakhmanov, Aleksandr"]
[Black "Grischuk, Alexander"]
[WhiteFideId "4173708"]
[BlackFideId "4126025"]
[WhiteElo "2500"]
[BlackElo "2762"]
[Result "1/2-1/2"]
[Round "03"]
[TimeControl "180+1"]
[Date "2022.02.08"]
[WhiteClock "0:00:06"]
[BlackClock "0:00:03"]

1. c4 e5 2. Nf3 e4 3. Nd4 Nc6 4. e3 Ne5 5. Nc3 Nf6 6. f4 Nd3+ 7. Bxd3 exd3 8. Qf3 Bc5 9. Nb3 Bb4 10. Nd5 a5 11. Nxf6+ Qxf6 12. Qe4+ Be7 13. Nd4 O-O 14. Qxd3 b6 15. O-O Bb7 16. Nb5 Qc6 17. Rf2 Bh4 18. Re2 Bf6 19. Rb1 Qe4 20. Qxe4 Bxe4 21. Ra1 Bd3 22. Re1 c6 23. Nc3 Bxc4 24. b3 Bd3 25. Bb2 Bxc3 26. Bxc3 c5 27. a3 d5 28. Kf2 f6 29. g4 Rfd8 30. Rg1 Kf7 31. g5 b5 32. gxf6 gxf6 33. b4 d4 34. exd4 cxd4 35. Bb2 axb4 36. axb4 Rxa1 37. Rxa1 Ke6 38. Ra6+ Kf5 39. Kf3 Be4+ 40. Kg3 Rg8+ 41. Kf2 Rg2+ 42. Ke1 Rg1+ 43. Kf2 Rg2+ 44. Ke1 Rg1+ 45. Kf2 Rg2+ 1/2-1/2


[Site "https://www.chess.com"]

[Event "Early Titled Tuesday Blitz | February 8 2022"]
[White "Rangel, Daniel"]
[Black "Fries-Nielsen, Jens Ove"]
[WhiteFideId "2124475"]
[BlackFideId "1400142"]
[WhiteElo "2187"]
[BlackElo "2596"]
[Result "1-0"]
[Round "03"]
[TimeControl "180+1"]
[Date "2022.02.08"]
[WhiteClock "0:00:10"]
[BlackClock "0:00:32"]

1. c4 e6 2. g3 d5 3. Bg2 Nf6 4. Nf3 Be7 5. O-O O-O 6. d4 Na6 7. Nc3 b6 8. Ne5 Bb7 9. Bg5 Ne4 10. Bxe7 Qxe7 11. Nxe4 dxe4 12. Qb1 f6 13. Ng4 Rad8 14. Rd1 c5 15. dxc5 Qxc5 16. Ne3 f5 17. b3 Qe5 18. a3 Nc5 19. b4 Na4 20. Qc2 b5 21. cxb5 Qxb5 22. Rxd8 Rxd8 23. Rd1 Rc8 24. Qb3 Re8 25. Nxf5 Nc5 26. Nd6 Nxb3 27. Nxb5 Bd5 28. Nc3 Rc8 29. Nxe4 Rc2 30. Ng5 Rxe2 31. Bxd5 exd5 32. Rxd5 g6 33. Rd7 Nd2 34. Rxa7 h6 35. Nf7 Nf3+ 36. Kg2 Nd4 37. Nxh6+ Kf8 38. Ng4 g5 39. a4 Rb2 40. b5 Nf5 41. Ra6 Ke7 42. Rf6 Nd6 43. Rg6 Ne4 44. Rg7+ Ke6 45. Ra7 Kf5 46. Ne3+ Ke6 47. Ra6+ Kd7 48. Ng4 Nc5 49. Ra7+ Ke6 50. h4 Kf5 51. Ne3+ Ke4 52. hxg5 Nd3 53. Rf7 Kd4 54. g6 1-0


[Site "https://www.chess.com"]

[Event "Early Titled Tuesday Blitz | February 8 2022"]
[White "Redzisz, Michal"]
[Black "Al Hosani, Omran"]
[WhiteFideId "21816107"]
[BlackFideId "9308733"]
[WhiteElo "1961"]
[BlackElo "2246"]
[Result "1/2-1/2"]
[Round "03"]
[TimeControl "180+1"]
[Date "2022.02.08"]
[WhiteClock "0:00:27"]
[BlackClock "0:00:39"]

1. Nf3 Nf6 2. b3 g6 3. Bb2 Bg7 4. g3 O-O 5. Bg2 d5 6. O-O c5 7. d4 Ne4 8. Nbd2 Nc6 9. e3 Bg4 10. h3 Nxd2 11. Qxd2 Bxf3 12. Bxf3 cxd4 13. Bxd4 Nxd4 14. exd4 e6 15. Rfd1 Rc8 16. Rac1 b5 17. Be2 a6 18. c4 bxc4 19. bxc4 dxc4 20. Rxc4 Rxc4 21. Bxc4 Qd6 22. d5 exd5 23. Qxd5 Qb6 24. Kg2 a5 25. Qb5 Qxb5 26. Bxb5 Rb8 27. a4 Rb7 28. Rd8+ Bf8 29. Ra8 Kg7 30. Rxa5 Rc7 31. Ra6 Rc2 32. Rc6 Bc5 33. Be2 h5 34. a5 Rxe2 35. Rxc5 Ra2 36. h4 Ra3 37. Rb5 Ra2 38. Kf3 Ra3+ 39. Ke4 Ra2 40. f3 Ra3 41. Kf4 Ra4+ 42. Ke3 Ra3+ 43. Ke4 Ra4+ 44. Ke5 Ra3 45. Kf4 Ra4+ 46. Ke3 Ra3+ 47. Kf4 1/2-1/2


[Site "https://www.chess.com"]

[Event "Early Titled Tuesday Blitz | February 8 2022"]
[White "Ronka, Erik"]
[Black "Matlakov, Maxim"]
[WhiteFideId "505080"]
[BlackFideId "4168003"]
[WhiteElo "2264"]
[BlackElo "2661"]
[Result "0-1"]
[Round "03"]
[TimeControl "180+1"]
[Date "2022.02.08"]
[WhiteClock "0:01:19"]
[BlackClock "0:01:48"]

1. d4 Nf6 2. Nf3 b6 3. g3 Bb7 4. Bg2 g6 5. O-O Bg7 6. c4 O-O 7. Nc3 Ne4 8. Nxe4 Bxe4 9. Be3 d6 10. Qd2 c5 11. Bh6 Nc6 12. Bxg7 Kxg7 13. e3 Rc8 14. Rac1 Qc7 15. Ne1 Bxg2 16. Nxg2 Qb7 17. Nf4 Rfd8 18. h4 h5 19. Kh2 e5 20. dxc5 exf4 21. cxd6 Ne5 22. Qc3 f6 23. exf4 Ng4+ 24. Kh3 Rxd6 25. f3 Nh6 26. Rfe1 Qd7+ 0-1


[Site "https://www.chess.com"]

[Event "Early Titled Tuesday Blitz | February 8 2022"]
[White "Rustemov, Alexander"]
[Black "Andreikin, Dmitry"]
[WhiteFideId "4119002"]
[BlackFideId "4158814"]
[WhiteElo "2825"]
[BlackElo "2736"]
[Result "1/2-1/2"]
[Round "03"]
[TimeControl "180+1"]
[Date "2022.02.08"]
[WhiteClock "0:00:34"]
[BlackClock "0:01:24"]

1. d4 d5 2. c4 e6 3. Nc3 Be7 4. Nf3 Nf6 5. Bg5 h6 6. Bh4 O-O 7. e3 Nbd7 8. Qc2 a6 9. cxd5 exd5 10. Bd3 c6 11. O-O Re8 12. Rab1 Ne4 13. Bxe4 Bxh4 14. Bh7+ Kh8 15. Nxh4 Qxh4 16. Bd3 Nf6 17. Rbe1 Ng4 18. h3 Nf6 19. f3 Be6 20. Qf2 Qxf2+ 21. Kxf2 Nd7 22. Rc1 Nb6 23. b3 a5 24. a3 g5 25. g4 Kg7 26. Ne2 Nc8 27. Ng3 Nd6 28. h4 f6 29. Rh1 Rh8 30. Rh2 Bf7 31. Rch1 Rae8 32. Nf5+ Nxf5 33. Bxf5 Bg6 34. hxg5 fxg5 35. Ke2 Re7 36. Kd3 Rhe8 1/2-1/2


[Site "https://www.chess.com"]

[Event "Early Titled Tuesday Blitz | February 8 2022"]
[White "Samunenkov, Ihor"]
[Black "Sadhwani, Raunak"]
[WhiteFideId "14187086"]
[BlackFideId "35093487"]
[WhiteElo "2406"]
[BlackElo "2616"]
[Result "0-1"]
[Round "03"]
[TimeControl "180+1"]
[Date "2022.02.08"]
[WhiteClock "0:00:02"]
[BlackClock "0:01:21"]

1. d4 Nf6 2. c4 g6 3. Nc3 Bg7 4. e4 d6 5. h3 O-O 6. Bg5 Nbd7 7. Nf3 e5 8. d5 Nc5 9. b4 Ncd7 10. Bd3 a5 11. a3 h6 12. Be3 Nh5 13. g3 f5 14. exf5 e4 15. Nxe4 Bxa1 16. Qxa1 gxf5 17. Ned2 axb4 18. Bxh6 Rxa3 19. Qd4 Qf6 20. Bxf8 Qxd4 21. Nxd4 Rxd3 22. Nxf5 Kxf8 23. Ke2 Nc5 24. Ne3 Nf6 25. Rb1 b3 26. g4 b5 27. g5 Nh5 28. cxb5 Nf4+ 29. Ke1 Bxh3 30. b6 cxb6 31. Ndc4 Nxd5 32. Nxd5 Rxd5 0-1


[Site "https://www.chess.com"]

[Event "Early Titled Tuesday Blitz | February 8 2022"]
[White "Sargsyan, Anna M."]
[Black "Khamdamova, Afruza"]
[WhiteFideId "13308130"]
[BlackFideId "14210444"]
[WhiteElo "2271"]
[BlackElo "1660"]
[Result "1-0"]
[Round "03"]
[TimeControl "180+1"]
[Date "2022.02.08"]
[WhiteClock "0:01:34"]
[BlackClock "0:00:09"]

1. d4 Nf6 2. c4 e6 3. Nf3 d5 4. Nc3 Be7 5. Bf4 O-O 6. e3 b6 7. cxd5 exd5 8. Bd3 c5 9. dxc5 bxc5 10. O-O Be6 11. Rc1 Nbd7 12. Bb1 Qb6 13. b3 Rfd8 14. Nh4 Bd6 15. Na4 Qc6 16. Bxd6 Qxd6 17. Nf5 Bxf5 18. Bxf5 Rac8 19. Qd2 Rc7 20. Rfd1 Nb6 21. Nc3 Qe5 22. Nb5 Re7 23. Bh3 a6 24. Qa5 Qb8 25. Qxa6 c4 26. Nd4 cxb3 27. axb3 Ra7 28. Qe2 Qd6 29. Nb5 Qe7 30. Nxa7 Qxa7 31. Qb5 Nbd7 32. Bxd7 Qxd7 33. Qxd7 Nxd7 34. Rxd5 Kf8 35. Rcd1 Ke8 36. g4 1-0


[Site "https://www.chess.com"]

[Event "Early Titled Tuesday Blitz | February 8 2022"]
[White "Sarkar, Justin"]
[Black "Pinheiro, Iung Alicio de O."]
[WhiteFideId "2010011"]
[BlackFideId "2104350"]
[WhiteElo "2038"]
[BlackElo "2604"]
[Result "0-1"]
[Round "03"]
[TimeControl "180+1"]
[Date "2022.02.08"]
[WhiteClock "0:00:01"]
[BlackClock "0:00:48"]

1. e4 c5 2. Nf3 d6 3. d4 cxd4 4. Nxd4 Nf6 5. Nc3 a6 6. Qd3 e5 7. Nf5 d5 8. Bg5 d4 9. Bxf6 gxf6 10. Nd1 Nc6 11. Be2 Be6 12. O-O Qb6 13. a3 O-O-O 14. b4 Rg8 15. Nb2 Re8 16. Rfb1 Bxf5 17. exf5 e4 18. Qb3 d3 19. cxd3 e3 20. f4 Nd4 21. Qc3+ Kb8 0-1


[Site "https://www.chess.com"]

[Event "Early Titled Tuesday Blitz | February 8 2022"]
[White "Schut, Han"]
[Black "Le Ruyet, Leopold"]
[WhiteFideId "1005561"]
[BlackFideId "645923"]
[WhiteElo "2057"]
[BlackElo "2276"]
[Result "0-1"]
[Round "03"]
[TimeControl "180+1"]
[Date "2022.02.08"]
[WhiteClock "0:00:01"]
[BlackClock "0:00:09"]

1. e4 e6 2. d4 d5 3. e5 c5 4. c3 Nc6 5. Nf3 Bd7 6. Be2 Qc7 7. a3 f6 8. b4 cxd4 9. cxd4 fxe5 10. dxe5 Nxe5 11. Bb2 Bd6 12. Nc3 Nf6 13. Rc1 Qb8 14. Na4 O-O 15. Nc5 b6 16. Nxd7 Nxf3+ 17. Bxf3 Nxd7 18. Bg4 Qe8 19. Rc6 Qe7 20. O-O Nf6 21. Re1 e5 22. f4 Nxg4 23. Qxg4 Rxf4 24. Qxf4 exf4 25. Rxe7 Bxe7 26. Rc7 Bh4 27. Rxg7+ Kf8 28. Rg4 Be7 29. Rxf4+ Ke8 30. Rf5 Rd8 31. Bd4 Bf8 32. g4 Bh6 33. Kf2 Bc1 34. a4 Ba3 35. b5 Bc5 36. Ke3 Ke7 37. g5 Ke6 38. Rf6+ Ke7 39. h4 Re8 40. Kd3 Kd7 41. Rh6 Re7 42. h5 Re4 0-1


[Site "https://www.chess.com"]

[Event "Early Titled Tuesday Blitz | February 8 2022"]
[White "Selbes, Tarik"]
[Black "Vignesh, N R"]
[WhiteFideId "6302513"]
[BlackFideId "25012215"]
[WhiteElo "2290"]
[BlackElo "2395"]
[Result "0-1"]
[Round "03"]
[TimeControl "180+1"]
[Date "2022.02.08"]
[WhiteClock "0:00:34"]
[BlackClock "0:01:23"]

1. Nf3 d5 2. g3 c6 3. Bg2 Bg4 4. O-O Nd7 5. d3 e6 6. Nbd2 Bd6 7. e4 Ne7 8. Qe1 O-O 9. h3 Bh5 10. a4 a5 11. Nb3 e5 12. Bd2 b6 13. Nh4 Qc7 14. Rc1 f6 15. exd5 cxd5 16. c4 Rac8 17. cxd5 Qb7 18. d4 Bf7 19. dxe5 Nxe5 20. Qe2 Bxd5 21. f4 Nf7 22. Nd4 Bc5 23. Rxc5 bxc5 24. Ne6 Rfe8 25. f5 Bxg2 26. Nxg2 Qxb2 27. Qg4 Nxf5 28. Rxf5 Rxe6 29. Rf2 Qb1+ 30. Kh2 Qe4 31. Nf4 Ree8 32. Re2 Ne5 33. Qxc8 Qxe2+ 34. Nxe2 Rxc8 35. Bxa5 Ra8 0-1


[Site "https://www.chess.com"]

[Event "Early Titled Tuesday Blitz | February 8 2022"]
[White "Serikbay, Assel"]
[Black "Kepeshchuk, Mykhaylo"]
[WhiteFideId "13706799"]
[BlackFideId "14113139"]
[WhiteElo "2130"]
[BlackElo "2279"]
[Result "0-1"]
[Round "03"]
[TimeControl "180+1"]
[Date "2022.02.08"]
[WhiteClock "0:01:59"]
[BlackClock "0:02:40"]

1. d4 Nf6 2. Nf3 g6 3. c4 c5 4. d5 b5 5. cxb5 a6 6. bxa6 Bg7 7. Nc3 O-O 8. g3 Qa5 9. Bd2 Bxa6 10. Bg2 d6 11. O-O Nbd7 12. Qc2 Rfb8 13. Rab1 Ne8 0-1


[Site "https://www.chess.com"]

[Event "Early Titled Tuesday Blitz | February 8 2022"]
[White "Sharapov, Evgeny"]
[Black "Ozen, Deniz"]
[WhiteFideId "14103133"]
[BlackFideId "6349196"]
[WhiteElo "2367"]
[BlackElo "2326"]
[Result "0-1"]
[Round "03"]
[TimeControl "180+1"]
[Date "2022.02.08"]
[WhiteClock "0:00:07"]
[BlackClock "0:00:11"]

1. e4 e5 2. Nf3 Nf6 3. Nc3 Nc6 4. Bb5 Nd4 5. Bc4 c6 6. O-O d5 7. exd5 cxd5 8. Nxd4 dxc4 9. Nf3 Bd6 10. Re1 O-O 11. d3 cxd3 12. cxd3 Bg4 13. h3 Bh5 14. Bg5 h6 15. Bh4 g5 16. Bg3 Re8 17. Ne4 Bb4 18. Nxf6+ Qxf6 19. Rxe5 Bxf3 20. Rxe8+ Rxe8 21. Qxf3 Qxf3 22. gxf3 Re2 23. Rb1 Rd2 24. Be5 Bc5 25. d4 Bxd4 26. Bxd4 Rxd4 27. b4 Rd2 28. a4 Ra2 29. a5 Ra4 30. Kf1 Kg7 31. Ke2 Kg6 32. Rb3 Kh5 33. f4 gxf4 34. Kf3 Kg5 35. h4+ Kf5 36. Ke2 Kg4 37. Kd3 Ra2 38. Rc3 Rb2 39. Rc4 Kf3 40. h5 f5 41. Kc3 Rb1 42. Kc2 Rf1 43. Rc7 Rxf2+ 44. Kc3 Rf1 45. Rxb7 a6 46. Rb6 Kg4 47. Rxa6 f3 48. Kd2 Rb1 49. Ke3 f4+ 50. Kf2 Rb2+ 51. Kf1 f2 52. Rc6 Kg3 53. Rc1 Rxb4 54. Ra1 Rb7 55. a6 Ra7 56. Ra3+ f3 57. Ra4 Re7 58. Ra1 Re4 59. a7 Rh4 60. a8=Q Rh1# 0-1


[Site "https://www.chess.com"]

[Event "Early Titled Tuesday Blitz | February 8 2022"]
[White "Shevchenko, Kirill"]
[Black "Pourramezanali, Amirreza"]
[WhiteFideId "14129574"]
[BlackFideId "12511412"]
[WhiteElo "2624"]
[BlackElo "2376"]
[Result "0-1"]
[Round "03"]
[TimeControl "180+1"]
[Date "2022.02.08"]
[WhiteClock "0:00:08"]
[BlackClock "0:00:03"]

1. c4 c5 2. Nc3 Nf6 3. g3 d5 4. cxd5 Nxd5 5. Bg2 Nc7 6. e3 e5 7. Nge2 Nc6 8. O-O Be7 9. f4 O-O 10. f5 Nb4 11. Ne4 Nd3 12. N2c3 f6 13. b3 b5 14. Nf2 Bxf5 15. Qf3 Bg6 16. Nd5 Ne6 17. Ne4 f5 18. Nec3 e4 19. Qd1 b4 20. Nxe7+ Qxe7 21. Nd5 Qd6 22. Nf4 Nexf4 23. gxf4 Bf7 24. Rb1 a5 25. Bb2 a4 26. bxa4 Bxa2 27. Ra1 Nxb2 28. Qc2 Bc4 29. Rfc1 Nd3 30. Qxc4+ Kh8 31. Rcb1 Qg6 32. a5 Qg4 33. h3 Qe2 34. a6 Qxd2 35. Rf1 Qxe3+ 36. Kh1 Ra7 37. Qd5 Qd4 38. Qc6 b3 39. Rab1 c4 40. Qb6 Qxb6 41. Rfd1 Nf2+ 0-1


[Site "https://www.chess.com"]

[Event "Early Titled Tuesday Blitz | February 8 2022"]
[White "Shton, Roman"]
[Black "Barrientos, Sergio E"]
[WhiteFideId "14137461"]
[BlackFideId "4401824"]
[WhiteElo "2038"]
[BlackElo "2441"]
[Result "0-1"]
[Round "03"]
[TimeControl "180+1"]
[Date "2022.02.08"]
[WhiteClock "0:00:07"]
[BlackClock "0:01:43"]

1. d4 Nf6 2. Nf3 e6 3. g3 c5 4. Bg2 cxd4 5. Nxd4 d5 6. O-O Nc6 7. b3 Bc5 8. Bb2 O-O 9. e3 Qb6 10. Nxc6 bxc6 11. Nd2 Be7 12. c4 Ba6 13. Rc1 Rfd8 14. Qc2 Rac8 15. Rfd1 h6 16. Be5 Qa5 17. Bc3 Qa3 18. Nb1 Qc5 19. Bd4 Qa5 20. Bc3 Qb6 21. Bd4 Qb8 22. Qb2 dxc4 23. bxc4 Qxb2 24. Bxb2 Rxd1+ 25. Rxd1 Bxc4 26. Rc1 Bxa2 27. Nc3 Bc4 28. Na4 Bb5 29. Nc5 Rd8 30. Nb7 Rd2 31. Bxf6 Bxf6 32. Bxc6 Bxc6 33. Rxc6 Ra2 34. Rc8+ Kh7 35. Nd6 a5 36. h4 h5 37. Nxf7 a4 38. g4 hxg4 39. h5 g6 40. h6 a3 41. Rc7 Ra1+ 42. Kg2 a2 43. Ne5+ Kxh6 44. Nxg4+ Kg5 45. Nxf6 Rg1+ 46. Kxg1 a1=Q+ 47. Kg2 Kxf6 48. Rc4 g5 49. Rd4 Kf5 50. Kf3 e5 51. Rd8 Qh1+ 52. Ke2 g4 53. Rf8+ Ke4 54. Ra8 Qf3+ 55. Ke1 Qf7 56. Ra4+ Kf3 57. Kf1 Qb3 58. Ra1 Qb2 59. Ra2 Qc1# 0-1


[Site "https://www.chess.com"]

[Event "Early Titled Tuesday Blitz | February 8 2022"]
[White "Shuvalov, Evgenij"]
[Black "Moiseenko, Alexander"]
[WhiteFideId "4187237"]
[BlackFideId "14102560"]
[WhiteElo "2119"]
[BlackElo "2577"]
[Result "0-1"]
[Round "03"]
[TimeControl "180+1"]
[Date "2022.02.08"]
[WhiteClock "0:00:06"]
[BlackClock "0:00:33"]

1. Nf3 c5 2. c4 Nc6 3. d4 cxd4 4. Nxd4 e6 5. Nc3 Nf6 6. g3 Bc5 7. Nb3 Bb4 8. Bg2 O-O 9. O-O d6 10. Qc2 Bxc3 11. Qxc3 e5 12. Rd1 Qe7 13. Bg5 h6 14. Bxf6 Qxf6 15. Nd2 Nd4 16. Re1 Bg4 17. f3 Bf5 18. e4 Be6 19. Qd3 Rac8 20. Rac1 Qe7 21. Nb3 Nc6 22. Red1 Rfd8 23. Qe3 Qc7 24. Bf1 Qb6 25. Kf2 Kf8 26. Rd2 Ke7 27. c5 dxc5 28. Nxc5 Rxd2+ 29. Qxd2 Nb4 30. Qe3 Nxa2 31. Ra1 Qxc5 32. Qxc5+ Rxc5 0-1


[Site "https://www.chess.com"]

[Event "Early Titled Tuesday Blitz | February 8 2022"]
[White "Sliwicki, Damian"]
[Black "Samaganova, Aleksandra"]
[WhiteFideId "1127128"]
[BlackFideId "13800221"]
[WhiteElo "2084"]
[BlackElo "1859"]
[Result "0-1"]
[Round "03"]
[TimeControl "180+1"]
[Date "2022.02.08"]
[WhiteClock "0:00:18"]
[BlackClock "0:00:39"]

1. e4 c5 2. Nf3 e6 3. d4 cxd4 4. Nxd4 a6 5. Nc3 Qc7 6. Nb3 Nf6 7. Bd3 Nc6 8. O-O Be7 9. f4 d6 10. Kh1 O-O 11. Qf3 Nb4 12. Be3 Nxd3 13. cxd3 b5 14. e5 Bb7 15. exf6 Bxf3 16. fxe7 Bxg2+ 17. Kxg2 Qxe7 18. Rae1 Rac8 19. f5 Qb7+ 20. Kg1 exf5 21. Rxf5 b4 22. Nd5 Rfe8 23. Kf2 Rc2+ 24. Kf3 Re5 25. Rxe5 dxe5 26. Ke4 Rxh2 27. Kxe5 Rh5+ 28. Kf4 Rxd5 29. Bd4 h6 30. Be5 Rxd3 31. Nd4 Qg2 32. Bxg7 Qg3+ 33. Ke4 Rxd4+ 34. Bxd4 Qxe1+ 35. Be3 Qb1+ 36. Kd4 Qxb2+ 37. Kc4 Qxa2+ 38. Kxb4 Qd5 39. Bxh6 Qb5+ 40. Kc3 a5 41. Be3 Qb4+ 42. Kd3 a4 43. Bd4 Qb3+ 44. Bc3 a3 45. Kd2 a2 46. Bd4 Qb1 47. Bc3 a1=Q 48. Bxa1 Qxa1 49. Ke3 Qf6 50. Ke4 Kg7 51. Kd5 Qe7 52. Kd4 f5 53. Kd5 f4 54. Kd4 f3 55. Kd5 f2 56. Kd4 f1=Q 57. Kd5 Qff6 58. Kc4 Qfd6 59. Kb5 Qec7 60. Ka4 Qdb6 0-1


[Site "https://www.chess.com"]

[Event "Early Titled Tuesday Blitz | February 8 2022"]
[White "Sorokin, Aleksey"]
[Black "De Silva, L M S T"]
[WhiteFideId "24176460"]
[BlackFideId "9953698"]
[WhiteElo "2476"]
[BlackElo "1631"]
[Result "0-1"]
[Round "03"]
[TimeControl "180+1"]
[Date "2022.02.08"]
[WhiteClock "0:00:49"]
[BlackClock "0:00:34"]

1. d4 Nf6 2. c4 e6 3. Nf3 b6 4. a3 Bb7 5. Nc3 Ne4 6. Nxe4 Bxe4 7. Bf4 Bb7 8. e3 d6 9. Bd3 Be7 10. h4 h6 11. Qe2 Nd7 12. O-O-O Bf6 13. g4 e5 14. dxe5 dxe5 15. Bf5 Bc6 16. Bxe5 Nxe5 17. Rxd8+ Rxd8 18. Nxe5 Bxh1 19. Nf3 Bxf3 20. Qxf3 O-O 21. g5 hxg5 22. Bc2 gxh4 23. Qh5 Rfe8 24. Qh7+ Kf8 25. Be4 Ke7 26. Bd5 Rh8 27. Qe4+ Kf8 28. f4 g6 29. Qh1 h3 30. e4 Bd4 31. Kc2 h2 32. e5 Be3 33. Bxf7 Kxf7 34. Qc6 Rd2+ 35. Kc3 h1=Q 36. Qxc7+ Ke6 37. Kb3 Rxb2+ 0-1


[Site "https://www.chess.com"]

[Event "Early Titled Tuesday Blitz | February 8 2022"]
[White "Srebrnic, Marko"]
[Black "Taboas Rodriguez, Daniel"]
[WhiteFideId "14603616"]
[BlackFideId "2208466"]
[WhiteElo "2340"]
[BlackElo "2429"]
[Result "1-0"]
[Round "03"]
[TimeControl "180+1"]
[Date "2022.02.08"]
[WhiteClock "0:00:10"]
[BlackClock "0:01:01"]

1. e4 e6 2. d4 d5 3. Nc3 Nc6 4. exd5 exd5 5. g3 Nf6 6. Bg2 Bg4 7. Nge2 Bb4 8. O-O O-O 9. h3 Bxe2 10. Nxe2 Re8 11. Nf4 Ne7 12. c3 Bd6 13. Qb3 Bxf4 14. Bxf4 Ng6 15. Bg5 c6 16. Qxb7 Rb8 17. Qxc6 Rxb2 18. Bxf6 gxf6 19. Qxd5 Qxd5 20. Bxd5 Ree2 21. Rae1 Rec2 22. Re3 Kf8 23. Bb3 Rd2 24. Rf3 Kg7 25. Re1 h5 26. h4 a5 27. Bd5 a4 28. a3 Rbc2 29. Bc6 Ra2 30. Bxa4 Rxa3 31. Bc6 Rc2 32. Ree3 f5 33. Rxf5 Rcxc3 34. Rxc3 Rxc3 35. Bf3 Rd3 36. Bxh5 Rxd4 37. Bxg6 fxg6 38. Rf3 Ra4 39. Kg2 Kh6 40. Re3 Kh5 41. Re5+ Kh6 42. f4 Ra2+ 43. Kh3 Rf2 44. Kg4 Rf1 45. Re6 Kh7 46. Kg5 Rf3 47. g4 Ra3 48. Rxg6 Ra7 49. f5 Kh8 50. h5 Kh7 51. Re6 Kh8 52. h6 Rb7 53. Kg6 Rb8 54. g5 Rg8+ 55. Kh5 Ra8 56. g6 Kg8 57. Re7 Rf8 58. Kg5 Ra8 59. Rh7 Rb8 60. Rg7+ Kh8 61. Rf7 Kg8 62. Rd7 Kh8 63. Re7 Kg8 64. Kf6 Rf8+ 65. Rf7 Ra8 66. Rg7+ Kh8 67. Rh7+ Kg8 68. Re7 Rf8+ 69. Ke6 Ra8 70. f6 Ra6+ 71. Kf5 Ra5+ 72. Re5 Ra8 73. h7+ Kh8 74. f7 Kg7 75. Re8 Ra5+ 76. Ke4 Ra4+ 77. Kd3 Ra3+ 78. Kc2 Kxg6 79. f8=Q 1-0


[Site "https://www.chess.com"]

[Event "Early Titled Tuesday Blitz | February 8 2022"]
[White "Srihari L R"]
[Black "Deac, Bogdan-Daniel"]
[WhiteFideId "46617116"]
[BlackFideId "1226380"]
[WhiteElo "2121"]
[BlackElo "2646"]
[Result "1-0"]
[Round "03"]
[TimeControl "180+1"]
[Date "2022.02.08"]
[WhiteClock "0:00:07"]
[BlackClock "0:00:05"]

1. d4 Nf6 2. c4 g6 3. Nc3 d5 4. cxd5 Nxd5 5. Bd2 c5 6. e4 Nxc3 7. Bxc3 cxd4 8. Qxd4 Qxd4 9. Bxd4 Rg8 10. Nf3 Nc6 11. Bc3 Bg7 12. Bxg7 Rxg7 13. Bb5 Bd7 14. O-O f6 15. Bxc6 Bxc6 16. Nd4 Bd7 17. e5 O-O-O 18. Rac1+ Kb8 19. Rfd1 Rgg8 20. exf6 exf6 21. f3 Bc8 22. Kf2 Rd6 23. Ne2 Rb6 24. Rd2 Re8 25. Nc3 h5 26. Rcd1 Bf5 27. Nd5 Rc6 28. Ne3 Be6 29. a3 Kc8 30. h4 Bb3 31. Re1 a5 32. g3 b6 33. Ng2 Rxe1 34. Kxe1 Bf7 35. Kf2 Kc7 36. Nf4 Rc5 37. Nd3 Rb5 38. Nc1 g5 39. Ne2 Rf5 40. Nc3 b5 41. Ne4 Bd5 42. Ke3 Bc6 43. Rc2 Kb6 44. b4 axb4 45. axb4 Re5 46. Rc5 Rxc5 47. Nxc5 gxh4 48. gxh4 Kc7 49. Ne6+ Kd6 50. Ng7 Kd5 51. Nxh5 Kc4 52. Nxf6 Kxb4 53. h5 Kc3 54. h6 b4 55. h7 b3 56. h8=Q b2 57. Nd5+ Kc2 58. Qc3+ 1-0


[Site "https://www.chess.com"]

[Event "Early Titled Tuesday Blitz | February 8 2022"]
[White "Stankovic, Ivan G"]
[Black "Gurevich, Dmitry"]
[WhiteFideId "902837"]
[BlackFideId "2000407"]
[WhiteElo "2195"]
[BlackElo "2506"]
[Result "1-0"]
[Round "03"]
[TimeControl "180+1"]
[Date "2022.02.08"]
[WhiteClock "0:00:50"]
[BlackClock "0:00:17"]

1. e4 c5 2. c4 Nc6 3. Nc3 g6 4. g3 Bg7 5. Bg2 d6 6. Nge2 e5 7. d3 Nge7 8. Rb1 O-O 9. a3 f5 10. O-O a5 11. Nd5 Nxd5 12. exd5 Ne7 13. f4 exf4 14. Nxf4 Bd4+ 15. Kh1 Kg7 16. Re1 h6 17. Bd2 g5 18. Ne6+ Bxe6 19. Rxe6 Rf6 20. Qh5 Qe8 21. Qe2 Rxe6 22. Qxe6 Be5 23. Bc3 Ng6 24. Qxd6 Bd4 25. Re1 Qf7 26. Qxc5 Bxc3 27. bxc3 Re8 28. Qd4+ Kf8 29. Rxe8+ Qxe8 30. Qf6+ Qf7 31. Qxf7+ Kxf7 32. d4 Ke7 33. Kg1 f4 34. Be4 Nf8 35. Bf5 fxg3 36. hxg3 Kf6 37. g4 h5 38. Bc8 hxg4 39. Bxb7 Nd7 40. c5 Ke7 41. d6+ Kd8 42. c6 Nb6 43. c7+ Kd7 44. c8=Q+ Nxc8 45. Bxc8+ Kxc8 46. c4 1-0


[Site "https://www.chess.com"]

[Event "Early Titled Tuesday Blitz | February 8 2022"]
[White "Sviridov, Valery"]
[Black "Manukyan, Artyom"]
[WhiteFideId "4120680"]
[BlackFideId "13305786"]
[WhiteElo "2454"]
[BlackElo "2034"]
[Result "1-0"]
[Round "03"]
[TimeControl "180+1"]
[Date "2022.02.08"]
[WhiteClock "0:01:40"]
[BlackClock "0:00:04"]

1. Nf3 d5 2. g3 e6 3. Bg2 Nf6 4. O-O Be7 5. d3 O-O 6. Nbd2 a5 7. e4 a4 8. a3 c5 9. Re1 Nc6 10. e5 Nd7 11. Nf1 f6 12. exf6 Nxf6 13. c4 Bd7 14. Ng5 Nd4 15. Be3 Ra6 16. Bxd4 cxd4 17. Nd2 h6 18. Ngf3 dxc4 19. Nxc4 Bc5 20. Rc1 b6 21. Nce5 Be8 22. Nd2 Bh5 23. Qc2 Bd6 24. Qc4 b5 25. Qxe6+ Kh8 26. Qf5 Bxe5 27. Qxe5 Rb6 28. Ne4 Nxe4 29. Rxe4 Bg6 30. Rxd4 Qf6 31. Qxf6 Rbxf6 32. f4 Re6 33. Be4 Bh5 34. Rc5 Bg4 35. Rxb5 Rc8 36. Rc5 Rb8 37. Rb4 Rd8 38. Rxa4 Bh3 39. Rd4 Rb8 40. Rb4 Rd8 41. Kf2 h5 1-0


[Site "https://www.chess.com"]

[Event "Early Titled Tuesday Blitz | February 8 2022"]
[White "Tarasova, Viktoriya"]
[Black "Roebers, Jan"]
[WhiteFideId "4175840"]
[BlackFideId "1007815"]
[WhiteElo "2182"]
[BlackElo "2123"]
[Result "1-0"]
[Round "03"]
[TimeControl "180+1"]
[Date "2022.02.08"]
[WhiteClock "0:00:34"]
[BlackClock "0:00:59"]

1. d4 Nf6 2. c4 g6 3. Nc3 Bg7 4. e4 d6 5. h3 O-O 6. Be3 e5 7. d5 a5 8. g4 Na6 9. Qc2 Nc5 10. O-O-O Bd7 11. f3 Ne8 12. h4 f5 13. exf5 gxf5 14. g5 f4 15. Bxc5 dxc5 16. Ne4 Nd6 17. Nxc5 b5 18. cxb5 e4 19. fxe4 Qe7 20. a4 Rae8 21. Bd3 Nf7 22. Nxd7 Qxd7 23. Nf3 Ne5 24. Nxe5 Bxe5 25. Rdf1 f3 26. Kb1 Qd6 27. Rh3 Qb4 28. Rhxf3 Rxf3 29. Rxf3 c5 30. dxc6 Qe1+ 31. Ka2 Re7 32. Bc4+ Kg7 33. h5 h6 34. g6 Bf6 35. Bd5 Qh1 36. Rf5 Rxe4 37. Bxe4 Qg1 1-0


[Site "https://www.chess.com"]